 Dungeon Crawl Stone Soup version 0.26-a0-976-gd3b5134375 (webtiles) character file.

Game seed: 4869197850485026462

4460 Descartes the Unseen (level 10, -2/43 HPs)
             Began as a Felid Delver on Dec 5, 2020.
             Slain by a hornet (9 damage)
             ... while paralysed by a hornet
             ... on level 9 of the Dungeon.
             The game lasted 00:30:31 (12806 turns).

Descartes the Unseen (Felid Delver)                Turns: 12806, Time: 00:30:31

Health: -2/43      AC:  7    Str:  9    XL:     10   Next: 15%
Magic:  15/15      EV:  4    Int: 12    God:
Gold:   571        SH:  0    Dex: 18    Spells: 7/15 levels left
                                        Lives:  0   Deaths: 3

rFire    . . .     SeeInvis +     - Unarmed
rCold    + . .     Faith    .   (shield unavailable)
rNeg     . . .     Spirit   .   (armour unavailable)
rPois    .         Reflect  .   (helmet unavailable)
rElec    .         Harm     .   (cloak unavailable)
rCorr    .         Rampage  .   (gloves unavailable)
MR       +....                  (boots unavailable)
Stlth    ++++++....             (no amulet)
HPRegen  0.54/turn              n - +4 ring of protection
MPRegen  0.14/turn              x - ring of flight

@: paralysed, lethally poisoned (-2 -> -3), slowed, quick
A: very small, no armour, no weapons or thrown items, stealth, claws 1, fangs 3,
see invisible, speed 1, regeneration 1, shaggy fur 3, weak 1, sharp paws
a: Evoke Flight


You were on level 9 of the Dungeon.
You visited 2 branches of the dungeon, and saw 11 of its levels.
You also visited: Sewer.

You collected 571 gold pieces.

Inventory:

Missiles
 o - 422 stones
 r - 165 arrows
Jewellery
 n - a +4 ring of protection (left paw)
 x - a ring of flight (right paw)
 y - an uncursed ring of fire
Wands
 e - a wand of digging (7)
 v - a wand of iceblast (9)
 w - a wand of enslavement (7)
 C - a wand of disintegration (7)
Scrolls
 a - 4 scrolls of fog
 c - 2 scrolls of fear
 f - 4 scrolls of immolation
 g - 2 scrolls of magic mapping
 i - 6 scrolls of identify
 j - 3 scrolls of remove curse
 l - 3 scrolls of teleportation
 m - a scroll of amnesia {unknown}
 t - 2 scrolls of enchant weapon
 z - a scroll of blinking {unknown}
 A - a scroll of enchant armour {unknown}
Potions
 b - a potion of might
 d - 4 potions of curing
 h - a potion of heal wounds
 k - 3 potions of flight
 p - a potion of magic
 q - a potion of invisibility
 s - a potion of cancellation
 u - 2 potions of haste
 B - a potion of mutation
 D - a potion of attraction {unknown}


   Skills:
 + Level 4.5 Fighting
 + Level 13.1 Dodging
 + Level 15.0 Stealth
 + Level 9.1 Unarmed Combat
 - Level 3.0 Spellcasting
 + Level 4.4 Hexes
 - Level 5.0 Evocations


You had 7 spell levels left.
You knew the following spells:

 Your Spells              Type           Power        Failure   Level
a - Confusing Touch       Hex            ##......     12%         3
b - Metabolic Englaciati  Hex/Ice        #.........   95%         5

Your spell library contained the following spells:

 Spells                   Type           Power        Failure   Level
 Summon Small Mammal      Summ           #...         24%         1
 Summon Guardian Golem    Hex/Summ       #.......     30%         3
 Call Imp                 Summ           #.......     36%         2
 Call Canine Familiar     Summ           #.......     58%         3
 Gell's Gravitas          Tloc           #.........   58%         3
 Petrify                  Tmut/Erth      #.......     94%         4
 Summon Ice Beast         Ice/Summ       #.......     94%         4
 Summon Lightning Spire   Summ/Air       #.......     94%         4
 Yara's Violent Unravell  Hex/Tmut       #.........   95%         5


Dungeon Overview and Level Annotations

Branches:
Dungeon (10/15)            Temple (1/1) D:5            Lair (0/6) D:9
    Orc (0/2) D:10          Sewer (visited)

Altars:
Ashenzari
Cheibriados
Dithmenos
Elyvilon
Fedhas
Gozag
Hepliaklqana
Kikubaaqudgha
Makhleb
Nemelex Xobeh
Okawaru
Qazlal
Ru
Sif Muna
Trog
Uskayaw
Vehumet
Wu Jian
Xom
Yredelemnul
Zin
The Shining One

Annotations:
D:5 Sigmund
D:10 exclusions: electric eel and 1 more exclusion


Innate Abilities, Weirdness & Mutations

You cannot wear armour.
You are incapable of wielding weapons or throwing items.
Your paws allow you to move quietly. (Stealth)
You have sharp claws.
You have razor-sharp teeth.
You have supernaturally acute eyesight. (SInv)
You cover ground quickly.
Your thick and shaggy fur keeps you warm. (AC +3, rC+)
Your sharp claws are effective at attacking unaware monsters.
Your natural rate of healing is unusually fast.
You are weak. (Str -2)


Message History

You claw the hornet!
The hornet is almost dead.
The hornet completely misses you.
You closely miss the hornet. You claw the hornet, but do no damage.
You bite the hornet, but do no damage.
The hornet is almost dead.
You feel yourself speed up. The hornet completely misses you. x2
You closely miss the hornet.
The hornet is almost dead.
The hornet closely misses you. The hornet stings you!
You are poisoned.
You suddenly lose the ability to move!
You feel sick. The hornet stings you!
You feel yourself slow down.
You feel sick. The hornet stings you!
* * * LOW HITPOINT WARNING * * *
You feel as though you will be slow longer.
The hornet stings you but does no damage.
The hornet stings you!
You die...

##........P......
#.###
#..............#
#>##.
#..###.......###
#.##.
#.#.####.########
#..#.
.###....hY...##)##
###.#.
#.####y###.#.#.##
###..... #†#
#..###÷###....)..
#.###.##....>........
#.Yy@..........#.#.#.
######....####..##.#.
#.#.## #.###... #...#
#.# ###. #..## #.# ##
#####..### #.######
#........# #.......
#.###..#.# ########
#.[#.# #


You could see a hornet and an ice beast.

Vanquished Creatures
  A two-headed ogre (D:8)
  Pikel (D:5)
  2 centaur skeletons
  A slime creature (D:10)
  A wyvern (D:10)
  13 yaks (D:9)
  Grum (D:9)
  3 steam dragons (D:6)
  Duvessa (D:7)
  2 water moccasins
  2 ice beasts
  A sky beast (D:7)
  A phantom (D:5)
  2 orc warriors (D:8)
  A black bear (D:9)
  2 necrophages
  2 centaurs
  2 ogres
  3 wolves (D:9)
  4 lemures (D:5)
  2 big kobolds
  9 bullfrogs
  2 scorpions (D:10)
  Dowan (D:7)
  5 killer bees (D:7)
  14 wights
  An electric eel (D:10)
  5 howler monkeys
  A quasit (D:10)
  A centaur zombie (D:4)
  3 hounds
  14 orc wizards
  4 orc priests
  2 bullfrog skeletons
  4 jellies
  Jessica (D:2)
  A merfolk siren (Sewer)
  2 worker ants (D:7)
  A merfolk avatar (Sewer)
  3 hound skeletons
  A hound zombie (D:6)
  A howler monkey zombie (D:5)
  4 worker ant zombies
  7 adders
  3 river rats
  A shadow imp (D:9)
  2 white imps (D:10)
  An ufetubus (D:5)
  An adder zombie (D:4)
  An ooze (D:6)
  An adder skeleton (D:6)
  2 worms
  3 dart slugs
  6 leopard geckos
  28 orcs
  8 ball pythons
  9 bats
  9 giant cockroaches
  5 goblins
  3 hobgoblins
  5 jackals
  5 quokkas
  9 frilled lizards
  A giant cockroach zombie (D:4)
  A jackal skeleton (D:4)
  A jackal zombie (D:4)
  11 kobolds
  A leopard gecko skeleton (D:4)
  A leopard gecko zombie (D:4)
  2 quokka zombies
  31 rats
286 creatures vanquished.

Vanquished Creatures (others)
  5 dream sheep (D:3)
  44 fungi (D:9)
  59 plants
  A withered plant (D:4)
109 creatures vanquished.

Grand Total: 395 creatures vanquished

Notes
Turn   | Place    | Note
-------+----------+-------------------------------------------
     0 | D:5      | Descartes the Felid Delver began the quest for the Orb.
     0 | D:5      | Reached XP level 1. HP: 10/10 MP: 2/2
    23 | D:5      | Noticed a hound
    25 | D:5      | Killed a hound
    26 | D:5      | Reached skill level 7 in Stealth
    26 | D:5      | Reached XP level 2. HP: 14/14 MP: 3/3
    26 | D:5      | Reached XP level 3. HP: 17/17 MP: 4/4
    65 | D:5      | Reached skill level 8 in Stealth
   206 | D:4      | Reached XP level 4. HP: 19/21 MP: 5/5
   294 | D:5      | Reached skill level 9 in Stealth
   336 | D:4      | Found a glowing drain.
   371 | D:4      | Slain by a river rat
   372 | D:4      | Reached XP level 3. HP: -1/17 MP: 4/4
   436 | Sewer    | Entered a sewer
   465 | Sewer    | Reached XP level 4. HP: 21/21 MP: 5/5
   909 | Sewer    | Noticed a malarious merfolk avatar
  1091 | Sewer    | Killed a malarious merfolk avatar
  1092 | Sewer    | Reached XP level 5. HP: 18/24 MP: 6/6
  1620 | D:4      | Found an ornate altar of the Wu Jian Council.
  2017 | D:3      | Found a glowing silver altar of Zin.
  2017 | D:3      | Noticed an angel
  2064 | D:3      | Noticed a dream sheep
  2064 | D:3      | Noticed a dream sheep
  2064 | D:3      | Noticed a dream sheep
  2064 | D:3      | Noticed a dream sheep
  2064 | D:3      | Noticed a dream sheep
  2064 | D:3      | Found a shimmering altar of Xom.
  2069 | D:3      | Killed a dream sheep
  2069 | D:3      | Killed a dream sheep
  2069 | D:3      | Killed a dream sheep
  2069 | D:3      | Killed a dream sheep
  2069 | D:3      | Killed a dream sheep
  2126 | D:2      | Noticed Jessica
  2687 | D:3      | Found a faded altar of an unknown god.
  2854 | D:2      | Killed Jessica
  3038 | D:2      | Reached skill level 10 in Dodging
  3038 | D:2      | Reached skill level 13 in Stealth
  3038 | D:2      | Reached skill level 5 in Unarmed Combat
  3038 | D:2      | Gained mutation: You are covered in thick fur. (AC +2)
                  | [Felid growth]
  3038 | D:2      | Reached XP level 6. HP: 28/28 MP: 7/7
  3136 | D:2      | Found an ancient bone altar of Kikubaaqudgha.
  3136 | D:2      | Found a snail-covered altar of Cheibriados.
  3140 | D:2      | Found a stormy altar of Qazlal.
  3140 | D:2      | Found a sparkling altar of Nemelex Xobeh.
  4391 | D:4      | Reached skill level 1 in Evocations
  4391 | D:4      | Reached XP level 7. HP: 31/31 MP: 8/8
  5476 | D:5      | Noticed Sigmund
  5480 | D:5      | Noticed Pikel
  5511 | D:5      | Slain by Pikel
  5512 | D:5      | Reached XP level 6. HP: -1/28 MP: 7/7
  5776 | D:4      | Reached XP level 7. HP: 31/31 MP: 8/8
  5849 | D:5      | Killed Pikel
  5850 | D:5      | Reached skill level 1 in Spellcasting
  5933 | D:5      | Reached XP level 8. HP: 26/34 MP: 11/11
  6026 | D:5      | Found a staircase to the Ecumenical Temple.
  6033 | Temple   | Entered the Ecumenical Temple
  6890 | D:6      | Found a bloodstained altar of Trog.
  7704 | D:7      | Reached XP level 9. HP: 37/37 MP: 13/13
  8741 | D:7      | Reached skill level 5 in Evocations
  9126 | D:7      | Noticed Dowan
  9130 | D:7      | Noticed Duvessa
  9132 | D:7      | Killed Dowan
  9149 | D:7      | Killed Duvessa
  9205 | D:7      | Found a sacrificial altar of Ru.
  9577 | D:8      | Noticed a two-headed ogre
  9594 | D:8      | Killed a two-headed ogre
  9595 | D:8      | Reached skill level 14 in Stealth
  9595 | D:8      | Reached XP level 10. HP: 20/42 MP: 15/15
 10310 | D:8      | Found a white marble altar of Elyvilon.
 10747 | D:8      | Learned a level 3 spell: Confusing Touch
 10753 | D:8      | Learned a level 5 spell: Metabolic Englaciation
 10904 | D:9      | Reached skill level 1 in Hexes
 11418 | D:9      | You fall into a shaft and drop 1 floor!
 11418 | D:10     | Entered Level 10 of the Dungeon
 12208 | D:10     | Gained mutation: You are weak. (Str -2) [potion of
                  | mutation]
 12208 | D:10     | Gained mutation: Your thick and shaggy fur keeps you warm.
                  | (AC +3, rC+) [potion of mutation]
 12208 | D:10     | Gained mutation: Your natural rate of healing is unusually
                  | fast. [potion of mutation]
 12397 | D:10     | Found a staircase to the Orcish Mines.
 12409 | D:9      | Noticed Grum
 12451 | D:9      | Killed Grum
 12592 | D:9      | Reached XP level 11. HP: 39/46 MP: 16/16
 12648 | D:9      | Reached skill level 15 in Stealth
 12728 | D:9      | Found a staircase to the Lair.
 12781 | D:9      | Paralysed by a hornet for 2 turns
 12793 | D:9      | Slain by a hornet
 12794 | D:9      | Reached XP level 10. HP: 0/43 MP: 15/15
 12803 | D:9      | Paralysed by a hornet for 3 turns
 12806 | D:9      | Slain by a hornet

Illustrated notes

Levels and vault maps discovered:
D:1:      mrwooster_arrival_statue, layout_basic, grunt_decor_mini_mirrors
D:2:      layout_rooms, grunt_temple_overflow_open, uniq_jessica
D:3:      layout_basic, kb_xom_exploding_sheep, zin_angel, serial_forest,
          infiniplex_forest_lined_room_3, infiniplex_forest_lined_3,
          infiniplex_forest_lined_3, infiniplex_forest_diagonal,
          chequers_ecumenical_altar_simple
D:4:      layout_basic, old_standard_altar, serial_undead, serial_undead_b,
          serial_undead_d, serial_undead_d, serial_undead_f,
          portal_sewer_entry_b
D:5:      layout_basic, minmay_temple_entry_junction_2, uniq_sigmund, uniq_pikel
D:6:      cheibrodos_steamvent, layout_layer_cave, trog_three_pillars_becter
D:7:      layout_cave_pools, nicolae_ru_sacrificial_ziggurat, uniq_duvessa
D:8:      layout_basic, basic_altar
D:9:      layout_loops_ring, due_lair_maze_entry_diamond, uniq_grum
D:10:     layout_loops_ring, orc_0_dummy, serial_bayou, serial_bayou_lagoon_b,
          serial_bayou_pond_a, serial_bayou_shore_b, serial_bayou_crossing,
          serial_bayou_pond_a, minmay_nine_imps
Temple:   eino_temple_lava

Skill      XL: |  1  2  3  4  5  6  7  8  9 10 11 |
---------------+----------------------------------+-----
Stealth        | 7 8 9 13 14 15 | 15.0
Dodging        | 3 10 11 12 13 | 13.1
Unarmed Combat | 5 6 7 8 9 |  9.1
Evocations     | 1 3 4 5 |  5.0
Spellcasting   | 1 2 3 |  3.0
Hexes          | 3 4 |  4.4
Fighting       | 4 |  4.5

Action                   |  1- 3 |  4- 6 |  7- 9 | 10-12 || total
-------------------------+-------+-------+-------+-------++-------
Melee: Unarmed           |    54 |   292 |   376 |   434 ||  1156
       Bite              |    10 |    21 |    32 |    46 ||   109
       Punch             |     1 |     1 |    22 |    19 ||    43
  Use: Scroll            |     1 |     5 |     5 |     2 ||    13
       Potion            |       |     8 |     5 |     3 ||    16
 Stab: Sleeping          |     8 |    39 |    23 |    15 ||    85
       Distracted        |       |     1 |     4 |     1 ||     6
Armor: Skin              |     3 |    20 |    26 |    27 ||    76
Dodge: Dodged            |    30 |   222 |   405 |   367 ||  1024

Table legend: (Time is in decaauts)
 A = Elapsed time spent in this place.
 B = Non-inter-level travel time spent in this place.
 C = Inter-level travel time spent in this place.
 D = Time resting spent in this place.
 E = Time spent auto-exploring this place.
 F = Levels seen in this place.
 G = Mean time per level.
                   A        B        C        D        E       F      G
               +--------+--------+--------+--------+--------+-----+--------+
         Total |  11290 |  10707 |    583 |    620 |   7547 |  12 |  940.8 |
       Dungeon |  10160 |   9585 |    575 |    620 |   6957 |  10 | 1016.0 |
        Temple |     57 |     50 |      7 |      0 |     48 |   1 |   57.0 |
         Sewer |   1073 |   1073 |      0 |      0 |    542 |   1 | 1073.0 |
               +--------+--------+--------+--------+--------+-----+--------+

Top non-repeatable levels by time:
     D:6: 1582 daAuts
     D:3: 1388 daAuts
     D:5: 1219 daAuts
     D:8: 1211 daAuts
     D:7: 1183 daAuts
   Sewer: 1073 daAuts
    D:10: 875 daAuts
     D:9: 860 daAuts
     D:4: 711 daAuts
     D:1: 642 daAuts
     D:2: 485 daAuts
  Temple: 57 daAuts
